 Dungeon Crawl Stone Soup version 0.14-a0-226-gcf818b1 (webtiles) character file.

99 Malachi the Chiller (level 2, -4/22 HPs)
             Began as a Naga Ice Elementalist on Oct 10, 2013.
             Slain by Crazy Yiuf
             ... wielding a +3,+3 quarterstaff of chaos
              (11 damage)
             ... on Level 2 of the Dungeon.
             The game lasted 00:01:55 (1043 turns).

Malachi the Chiller (Naga Ice Elementalist)         Turns: 1043, Time: 00:01:56

HP  -4/22        AC  1     Str 10      XL: 2   Next: 83%
MP   1/4         EV 15     Int 15      God:
Gold 78          SH  0     Dex 11      Spells:  1 memorised,  2 levels left

Res.Fire  : . . .   See Invis. : +   q - +3,+1 dagger (speed)
Res.Cold  : . . .   Warding    : .   a - +0 robe
Life Prot.: . . .   Conserve   : .   (no shield)
Res.Poison: +       Res.Corr.  : .   h - +0 cap
Res.Elec. : .       Clarity    : .   (no cloak)
Sust.Abil.: . .     Spirit.Shd : .   (no gloves)
Res.Mut.  : .       Stasis     : .   (no barding)
Res.Rott. : .       Flight     : .   r - amulet of the gourmand
Gourmand  : +                        (no ring)
                                     e - +5 ring of evasion

@: short of breath, very slightly contaminated, very slow, slightly resistant to
hostile enchantments, fairly stealthy
A: spit poison, see invisible, deformed body, poison resistance, slowness 2
a: Spit Poison


You were on level 2 of the Dungeon.
You were hungry.

You visited 1 branch of the dungeon, and saw 2 of its levels.

You collected 58 gold pieces.

Inventory:

Hand weapons
 q - a +3,+1 dagger of speed (weapon)
Armour
 a - a +0 robe (worn)
 h - a +0 cap (worn)
Comestibles
 c - a bread ration
 f - a choko
 g - a rambutan
 l - 2 chunks of hobgoblin flesh
 m - 3 pears
 s - a chunk of adder flesh
Scrolls
 d - 2 scrolls of remove curse {unknown}
 j - a scroll of identify
 k - a scroll of noise {unknown}
 o - a scroll of enchant weapon II {unknown}
Jewellery
 e - a +5 ring of evasion (left hand)
 r - an amulet of the gourmand (around neck)
Potions
 n - a potion of paralysis {unknown}
 p - a potion of agility {unknown}
Books
 b - a book of Frost

   Spells                             Type                      Level
   *Freeze                            Ice                          1
   Throw Frost                        Conjuration/Ice              2
   Ozocubu's Armour                   Charms/Ice                   3
   Throw Icicle                       Conjuration/Ice              4
   Summon Ice Beast                   Ice/Summoning                4
   Condensation Shield                Ice                          4


   Skills:
 - Level 1.5 Dodging
 - Level 3.0 Stealth
 - Level 1.0 Spellcasting
   Level 1.0 Conjurations
 * Level 4.0 Ice Magic


You had 2 spell levels left.
You knew the following spells:

 Your Spells              Type           Power        Failure   Level  Hunger
a - Freeze                Ice            ##..         6%          1    ##.....


Dungeon Overview and Level Annotations

Branches:
Dungeon (2/27)

Altars:

Annotations:
D:2 Crazy Yiuf


Innate Abilities, Weirdness & Mutations

You cannot wear boots.
You can spit poison.
You have supernaturally acute eyesight.
Armour fits poorly on your strangely shaped body.
Your system is resistant to poisons.
You cover ground very slowly.


Message History

Crazy Yiuf is moderately wounded.
Casting: Freeze
Confirm with . or Enter, or press ? or * to list all spells.
Aiming: Freeze
Press: ? - help, Shift-Dir - straight line, f/p - Crazy Yiuf
Aim: Crazy Yiuf, wielding a quarterstaff of chaos and wearing a cloak (moderately wounded)
You freeze Crazy Yiuf.
Crazy Yiuf is heavily wounded.
Crazy Yiuf closely misses you.
Use which ability? (? or * to list)
Okay, then.
Use which ability? (? or * to list)
Press: ? - help, Shift-Dir - straight line, f/p - Crazy Yiuf
Aim: Crazy Yiuf, wielding a quarterstaff of chaos and wearing a cloak (heavily wounded)
The splash of poison hits Crazy Yiuf.
Crazy Yiuf is poisoned.
Crazy Yiuf is severely wounded.
You feel slightly more hungry.
Crazy Yiuf hits you with a quarterstaff of chaos!
Ouch! That really hurt!
You die...

#####.####
#...)....#
#........#
#........# ##
######...### #.
#...'.####.
#######...#....#.
###.#.......####.#.
#g@#........# #.'.
#.....####.......#
###. #)..#
##......# #> ###
######## ##


You could see Crazy Yiuf.

Vanquished Creatures
  An adder (D:2)
  2 hobgoblins
  4 bats
  A giant cockroach (D:1)
  A giant newt (D:1)
  A kobold (D:2)
  3 rats (D:1)
13 creatures vanquished.

Notes
Turn   | Place    | Note
--------------------------------------------------------------
     0 | D:1      | Malachi, the Naga Ice Elementalist, began the quest for the Orb.
     0 | D:1      | Reached XP level 1. HP: 15/15 MP: 3/3
   656 | D:1      | Reached XP level 2. HP: 22/22 MP: 1/4
  1001 | D:2      | Reached skill level 4 in Ice Magic
  1035 | D:2      | Noticed Crazy Yiuf
  1043 | D:2      | Slain by Crazy Yiuf

Action                   || total
-------------------------++-------
Melee: Unarmed           ||     5
       Dagger            ||    12
 Cast: Freeze            ||    22
 Abil: Spit Poison       ||     3
  Use: Scroll            ||     3
